|
||||||||||||||||||||||||||||||||||||||||||||||||||||||||||||||||||||||||
| ||||||||||||||||||||||||||||||||||||||||||||||||||||||||||||||||||||||||
| Top of the 3rd over - 0 runs, 0 hits, 0 errors, 0 left on base; Houston 1 - Cleveland 2 | ||||||||||||||||||||||||||||||||||||||||||||||||||||||||||||||||||||||||
| BOTTOM OF THE 3RD | |
|---|---|
| Cleveland Guardians batting - Pitching for Houston Astros : LHP Jimmy Edlin | |
| Batting: LHB Arvin Dungca | 0-0: DOUBLE (Line Drive, 9LD, EV 109.4 MPH) |
| Batting: SHB Pete Barutha |
0-0: Ball 1-0: Ball 2-0: Ground out 6-3 (Groundball, 4MS, EV 79.4 MPH) Arvin Dungca to third |
| Batting: RHB Nick Ogle |
0-0: Ball 1-0: Ground out 6-3 (Groundball, 6, EV 93.8 MPH) Arvin Dungca scores |
| Batting: RHB Christian Blue |
0-0: Ball 1-0: Called Strike 1-1: Fly out, F8 (Flyball, 8RXD, EV 95.0 MPH) |
| Bottom of the 3rd over - 1 run, 1 hit, 0 errors, 0 left on base; Houston 1 - Cleveland 3 | |
| TOP OF THE 4TH | |
|---|---|
| Houston Astros batting - Pitching for Cleveland Guardians : RHP Ben Sedlacek | |
| Batting: RHB Eric Chotkowski |
0-0: Foul Ball, location: 2F 0-1: Swinging Strike 0-2: Foul Ball, location: 2F 0-2: Foul Ball, location: 2F 0-2: Ball 1-2: Ball 2-2: Ball 3-2: Ground out U3 (Groundball, 34S, EV 90.6 MPH) |
| Batting: SHB Jason Woods |
0-0: Swinging Strike 0-1: Ball 1-1: Fly out, F8 (Line Drive, 8RD, EV 89.4 MPH) |
| Batting: LHB Jack Christie |
0-0: Called Strike 0-1: Ball 1-1: Called Strike 1-2: Foul Ball, location: 2F 1-2: Ground out 6-3 (Groundball, 6, EV 98.8 MPH) |
| Top of the 4th over - 0 runs, 0 hits, 0 errors, 0 left on base; Houston 1 - Cleveland 3 | |
| BOTTOM OF THE 4TH | |
|---|---|
| Cleveland Guardians batting - Pitching for Houston Astros : LHP Jimmy Edlin | |
| Batting: RHB Jasper Burd |
0-0: Ball 1-0: Ground out 1-3 (Groundball, 15S, EV 71.2 MPH) |
| Batting: RHB Rick O'Reilly | 0-0: DOUBLE (Flyball, 89XD, EV 114.4 MPH) |
| Batting: RHB Solange Le Coq |
0-0: Called Strike 0-1: Swinging Strike 0-2: Ground out 6-3 (Groundball, 6S, EV 66.2 MPH) Rick O'Reilly to third |
| Batting: RHB Aaron Matthews |
0-0: Called Strike 0-1: Ground out 6-3 (Groundball, 6, EV 97.5 MPH) |
| Bottom of the 4th over - 0 runs, 1 hit, 0 errors, 1 left on base; Houston 1 - Cleveland 3 | |
| TOP OF THE 5TH | |
|---|---|
| Houston Astros batting - Pitching for Cleveland Guardians : RHP Ben Sedlacek | |
| Batting: SHB Rich Chavez |
0-0: Called Strike 0-1: Ball 1-1: Ball 2-1: Ball 3-1: Foul Ball, location: 2F 3-2: Strikes out swinging |
| Batting: RHB Chris Lane |
0-0: Ball 1-0: Foul Ball, location: 2F 1-1: Reached on error, E6 (Groundball, 6, EV 106.9 MPH) |
| Batting: LHB Bryce Hill |
0-0: Swinging Strike 0-1: Ball 1-1: Foul Ball, location: 2F 1-2: SINGLE (Groundball, 4D, EV 98.1 MPH) Chris Lane to second Runner from 2nd tries for 3rd, OUT! 8-5 Bryce Hill to second |
| Batting: RHB Jeremy Trump |
0-0: Ball 1-0: Ball 2-0: Ball 3-0: Base on Balls |
| Batting: SHB Troy Kenyon |
0-0: Ball 1-0: Fly out, F8 (Flyball, 8LM, EV 93.1 MPH) |
| Top of the 5th over - 0 runs, 1 hit, 1 error, 2 left on base; Houston 1 - Cleveland 3 | |
| BOTTOM OF THE 5TH | |
|---|---|
| Cleveland Guardians batting - Pitching for Houston Astros : LHP Jimmy Edlin | |
| Batting: RHB Justin Ganey |
0-0: Called Strike 0-1: Ball 1-1: Foul Ball, location: 2F 1-2: Ball 2-2: Ball 3-2: Fly out, F8 (Flyball, 8LD, EV 77.5 MPH) |
| Batting: LHB Arvin Dungca |
0-0: Ball 1-0: Ground out 1-3 (Groundball, 13S, EV 70.0 MPH) |
| Batting: SHB Pete Barutha |
0-0: Ball 1-0: SINGLE (Groundball, 56D, EV 100.6 MPH) |
| Batting: RHB Nick Ogle |
0-0: Ball 1-0: SINGLE (Line Drive, 89S, EV 108.1 MPH) Pete Barutha to second Runner from 2nd tries for 3rd, SAFE, throw by RF made to third |
| Batting: RHB Christian Blue |
0-0: Called Strike 0-1: Ball 1-1: Fielders Choice at 2nd, 6-4 (Groundball, 6, EV 82.5 MPH) |
| Bottom of the 5th over - 0 runs, 2 hits, 0 errors, 2 left on base; Houston 1 - Cleveland 3 | |
| TOP OF THE 6TH | |
|---|---|
| Houston Astros batting - Pitching for Cleveland Guardians : RHP Ben Sedlacek | |
| Batting: LHB Eric Katz |
0-0: Foul Ball, location: 2F 0-1: Called Strike 0-2: Strikes out swinging |
| Batting: RHB Eric Chotkowski |
0-0: Called Strike 0-1: Ball 1-1: Swinging Strike 1-2: Strikes out swinging |
| Batting: SHB Jason Woods | 0-0: Fly out, F8 (Flyball, 89M, EV 91.9 MPH) |
| Top of the 6th over - 0 runs, 0 hits, 0 errors, 0 left on base; Houston 1 - Cleveland 3 | |
| BOTTOM OF THE 6TH | |
|---|---|
| Cleveland Guardians batting - Pitching for Houston Astros : LHP Jimmy Edlin | |
| Batting: RHB Jasper Burd |
0-0: Called Strike 0-1: Called Strike 0-2: Ball 1-2: Fly out, F9 (Flyball, 9, EV 80.0 MPH) |
| Batting: RHB Rick O'Reilly |
0-0: Called Strike 0-1: Foul Ball, location: 2F 0-2: Foul Ball, location: 2F 0-2: Strikes out swinging, 2-3 out at first. |
| Batting: RHB Solange Le Coq |
0-0: Ball 1-0: Fly out, F8 (Flyball, 8RM, EV 89.4 MPH) |
| Bottom of the 6th over - 0 runs, 0 hits, 0 errors, 0 left on base; Houston 1 - Cleveland 3 | |
| TOP OF THE 7TH | |
|---|---|
| Houston Astros batting - Pitching for Cleveland Guardians : RHP Ben Sedlacek | |
| Now at 2B: Danny Eberhart | |
| Batting: LHB Jack Christie |
0-0: Called Strike 0-1: Ball 1-1: Foul Ball, location: 2F 1-2: Ball 2-2: Ball 3-2: Ground out U3 (Groundball, 3L, EV 105.0 MPH) |
| Batting: SHB Rich Chavez |
0-0: Foul Ball, location: 2F 0-1: Foul Ball, location: 2F 0-2: Ball 1-2: Ball 2-2: Foul Ball, location: 2F 2-2: Foul Ball, location: 2F 2-2: Ground out 3-1 (Groundball, 34, EV 100.6 MPH) |
| Batting: RHB Chris Lane |
0-0: Foul Ball, location: 2F 0-1: Ball 1-1: Called Strike 1-2: Ball 2-2: Ground out 6-3 (Groundball, 6, EV 102.5 MPH) |
| Top of the 7th over - 0 runs, 0 hits, 0 errors, 0 left on base; Houston 1 - Cleveland 3 | |
| BOTTOM OF THE 7TH | |
|---|---|
| Cleveland Guardians batting - Pitching for Houston Astros : LHP Jimmy Edlin | |
| Batting: RHB Aaron Matthews |
0-0: Ball 1-0: Ball 2-0: Ball 3-0: Called Strike 3-1: Called Strike 3-2: Ground out 6-3 (Groundball, 6, EV 83.8 MPH) |
| Batting: RHB Justin Ganey |
0-0: Called Strike 0-1: Foul Ball, location: 2F 0-2: Fly out, F8 (Line Drive, 8LM, EV 96.2 MPH) |
| Batting: LHB Arvin Dungca | 0-0: DOUBLE (Line Drive, 9LS, EV 92.5 MPH) |
| Batting: SHB Pete Barutha |
0-0: Foul Ball, location: 2F 0-1: Ground out 5-3 (Groundball, 5L, EV 80.0 MPH) |
| Bottom of the 7th over - 0 runs, 1 hit, 0 errors, 1 left on base; Houston 1 - Cleveland 3 | |
| TOP OF THE 8TH | |
|---|---|
| Houston Astros batting - Pitching for Cleveland Guardians : RHP Ben Sedlacek | |
| Batting: LHB Bryce Hill | 0-0: SINGLE (Groundball, 34D, EV 105.0 MPH) |
| Batting: RHB Jeremy Trump |
0-0: Ball 1-0: Foul Ball, location: 2F 1-1: Ball 2-1: Foul Ball, location: 2F 2-2: Strikes out swinging |
| Pitching: LHP Katsumi Omura | |
| Batting: SHB Troy Kenyon |
0-0: Foul Ball, location: 2F 0-1: Swinging Strike 0-2: Ball 1-2: Ball 2-2: Foul Ball, location: 2F 2-2: Ball 3-2: Strikes out looking |
| Batting: LHB Eric Katz |
0-0: Called Strike 0-1: Ball 1-1: Ball 2-1: Fly out, F7 (Flyball, 7D, EV 107.5 MPH) |
| Top of the 8th over - 0 runs, 1 hit, 0 errors, 1 left on base; Houston 1 - Cleveland 3 | |
| BOTTOM OF THE 8TH | |
|---|---|
| Cleveland Guardians batting - Pitching for Houston Astros : LHP Jimmy Edlin | |
| Batting: RHB Nick Ogle | 0-0: Fly out, F3 (Popup, 3D, EV 63.8 MPH) |
| Batting: RHB Christian Blue |
0-0: Ball 1-0: Ball 2-0: Ball 3-0: Called Strike 3-1: Fly out, F6 (Line Drive, 4MD, EV 61.2 MPH) |
| Batting: RHB Danny Eberhart |
0-0: Foul Ball, location: 2F 0-1: Foul Ball, location: 2F 0-2: Ball 1-2: Fly out, F4 (Line Drive, 4M, EV 71.9 MPH) |
| Bottom of the 8th over - 0 runs, 0 hits, 0 errors, 0 left on base; Houston 1 - Cleveland 3 | |
| TOP OF THE 9TH | |
|---|---|
| Houston Astros batting - Pitching for Cleveland Guardians : LHP Katsumi Omura | |
| Batting: RHB Eric Chotkowski |
0-0: Foul Ball, location: 2F 0-1: Ball 1-1: Ball 2-1: Fly out, F8 (Flyball, 8RM, EV 80.6 MPH) |
| Batting: SHB Jason Woods |
0-0: Foul Ball, location: 2F 0-1: Called Strike 0-2: Ground out 6-3 (Groundball, 6, EV 80.0 MPH) |
| Batting: LHB Jack Christie |
0-0: Ball 1-0: Ball 2-0: Ball 3-0: Fly out, F9 (Line Drive, 9, EV 94.4 MPH) |
| Top of the 9th over - 0 runs, 0 hits, 0 errors, 0 left on base; Houston 1 - Cleveland 3 | |

| Tuesday, March 28th , 2023 - OOTP Baseball 23.10 Build 110 |